 Dungeon Crawl Stone Soup version 0.27-a0-78-g75406f0b48 (webtiles) character file.

Game seed: 9214947104315765433

2044 BeastOfSaturn the Blocker (level 9, -6/78 HPs)
             Began as a Green Draconian Wanderer on Jan 14, 2021.
             Was an Initiate of Ashenzari.
             Mangled by an orc warrior
             ... wielding a +0 halberd
              (19 damage)
             ... on level 7 of the Dungeon on Mar 27, 2022.
             The game lasted 00:26:12 (8076 turns).

BeastOfSaturn the Blocker (DrWn)                    Turns: 8076, Time: 00:26:12

Health: -6/78      AC: 11    Str: 12 (13) XL:     9   Next: 4%
Magic:  9/9        EV: 13    Int: 11 (12) God:    Ashenzari [......]
Gold:   352        SH: 11    Dex: 14      Spells: 8/8 levels left

rFire    . . .     SeeInvis .   b - +4 dagger of Xom's Delight {vorpal, *Contam rC+++ rN+++ Str-2}
rCold    + + +     Faith    .   k - +0 kite shield (curse)
rNeg     + + +     Spirit   .   (armour unavailable)
rPois    +         Reflect  .   (helmet restricted)
rElec    .         Harm     .   (no cloak)
rCorr    .         Rampage  .   (no gloves)
Will     .....                  (no boots)
Stlth    ++........             (no amulet)
HPRegen  0.23/turn              q - ring of protection from cold
MPRegen  0.11/turn              B - +4 ring of protection

@: no status effects
A: breathe noxious fumes, unfitting armour, deterioration 1, poison resistance,
cold-blooded, AC +7
a: Breathe Noxious Fumes, Renounce Religion, Curse Item


You were on level 7 of the Dungeon.
You worshipped Ashenzari.
Ashenzari was noncommittal.
You visited 1 branch of the dungeon, and saw 7 of its levels.
You also visited: Sewer.

You collected 352 gold pieces.

Inventory:

Hand Weapons
 a - a +2 hand crossbow
 b - the +4 dagger of Xom's Delight (weapon) {vorpal, *Contam rC+++ rN+++ Str-2}
   (You found it on level 5 of the Dungeon)

   It inflicts extra damage upon your enemies.
   It affects your strength (-2).
   It renders you almost immune to cold.
   It renders you almost immune to negative energy.
   It causes magical contamination when unequipped.
 l - a +1 hand axe of flaming
 o - a +0 hand axe
 A - a +0 war axe
 E - a +0 dagger of venom
Missiles
 c - 27 bolts
Armour
 k - a cursed +0 kite shield (worn)
Jewellery
 q - a ring of protection from cold (left hand)
 B - a +4 ring of protection (right hand)
Wands
 s - a wand of random effects (28)
Scrolls
 d - 10 scrolls of teleportation
 f - a scroll of noise
 j - 2 scrolls of remove curse
 y - 3 scrolls of amnesia
 z - 2 scrolls of identify
 C - a scroll of immolation
 D - a scroll of brand weapon {unknown}
 F - a scroll of magic mapping {unknown}
Potions
 e - a potion of cancellation {unknown}
 g - 10 potions of heal wounds
 h - 2 potions of attraction
 i - 2 potions of haste
 m - a potion of mutation {unknown}
 n - 2 potions of degeneration
 p - 3 potions of berserk rage {unknown}
 r - a potion of resistance {unknown}
 t - a potion of lignification {unknown}
 u - 6 potions of flight {unknown}
 v - 2 potions of might {unknown}
 w - 4 potions of curing {unknown}
 x - 3 potions of brilliance {unknown}


   Skills:
 * Level 6.8 Fighting
 - Level 0.5 Short Blades
 - Level 1.0 Maces & Flails
 - Level 2.0 Crossbows
 - Level 4.0 Dodging
 - Level 1.0 Stealth
 * Level 10.1 Shields
 - Level 0.2 Air Magic
 - Level 1.0 Evocations


You had 8 spell levels left.
You didn't know any spells.
Your spell library was empty.

Dungeon Overview and Level Annotations

Branches:
Dungeon (7/15)             Temple (0/1) D:7           Sewer (visited)

Altars:
Ashenzari
Sif Muna
Yredelemnul

Annotations:
D:5 3 runed translucent doors, Caminho's ghost, amateur GnVM


Innate Abilities, Weirdness & Mutations

You can breathe blasts of noxious fumes.
Your lurid green scales are hard. (AC +7)
You cannot fit into any form of body armour.
Your system is resistant to poisons. (rPois)
You are cold-blooded and may be slowed by cold attacks.
Your body sometimes deteriorates upon taking damage.


Message History

The orc warrior is lightly wounded.
You hit the orc warrior but do no damage.
The orc warrior is lightly wounded.
The orc warrior hits you but does no damage.
You hit the orc warrior.
The orc warrior is lightly wounded.
The orc warrior hits you but does no damage.
You hit the orc warrior but do no damage.
The orc warrior is lightly wounded.
You block the orc warrior's attack.
You hit the orc warrior.
Your tail-slap misses the orc warrior.
The orc warrior is moderately wounded.
You block the orc warrior's attack.
You hit the orc warrior.
The orc warrior is heavily wounded.
You block the orc warrior's attack.
You hit the orc warrior.
Your tail-slap misses the orc warrior.
The orc warrior is heavily wounded.
The orc warrior hits you with a +0 halberd!!
You die...

# ... #. .... ##..##
####........ ##...#.
#...........
#......###...# .....##
#....o@#....# #.....
#....)..?...# #...#
#...#..).....# #..##
##. #........# #..##
............#### ###...
.#..........##.###....#
#...................##
....#...........#.....#
.......##.......###....


You could see an orc warrior.

Vanquished Creatures
  An orc warrior (D:6)
  2 sky beasts
  5 ogres
  A phantom (D:5)
  A centaur (D:6)
  A big kobold (Sewer)
  A scorpion (D:5)
  A howler monkey (D:5)
  2 hounds (D:4)
  A centaur zombie (D:5)
  2 orc priests
  11 orc wizards
  A bullfrog skeleton (D:6)
  A centaur skeleton (D:4)
  5 worker ants
  A killer bee zombie (D:7)
  7 adders
  8 river rats
  A shadow imp (D:7)
  A white imp (D:6)
  2 ufetubi (D:6)
  An ooze (D:3)
  An adder skeleton (D:5)
  2 adder zombies (D:7)
  10 worms
  A dart slug (D:1)
  4 leopard geckos
  22 orcs
  7 ball pythons
  6 bats
  6 giant cockroaches
  9 goblins
  8 hobgoblins
  21 jackals
  2 quokkas
  4 frilled lizards
  A jackal skeleton (D:6)
  22 kobolds
  A leopard gecko skeleton (D:7)
  27 rats
211 creatures vanquished.

Notes
Turn   | Place    | Note
-------+----------+-------------------------------------------
     0 | D:1      | BeastOfSaturn the Draconian Wanderer began the quest for
                  | the Orb.
     0 | D:1      | BeastOfSaturn set off with the following items: a +2 hand
                  | crossbow, 30 bolts, a +0 hand axe, a scroll of
                  | teleportation
     0 | D:1      | Reached XP level 1. HP: 23/23 MP: 1/1
    80 | D:1      | Reached XP level 2. HP: 30/30 MP: 2/2
   489 | D:1      | Reached skill level 1 in Dodging
   676 | D:1      | Reached XP level 3. HP: 26/37 MP: 3/3
  1276 | D:2      | Reached skill level 1 in Shields
  1568 | D:2      | Reached XP level 4. HP: 31/44 MP: 4/4
  2503 | D:3      | Reached skill level 2 in Shields
  2735 | D:3      | Reached XP level 5. HP: 50/50 MP: 5/5
  2821 | D:3      | Found a glowing drain.
  2828 | Sewer    | Entered a sewer
  3063 | Sewer    | Reached skill level 3 in Shields
  3580 | Sewer    | Reached XP level 6. HP: 55/57 MP: 6/6
  4021 | D:3      | Reached skill level 4 in Shields
  4813 | D:4      | Reached skill level 5 in Shields
  4813 | D:4      | Your scales start taking on a lurid green colour.
  4813 | D:4      | Reached XP level 7. HP: 62/63 MP: 7/7
  4813 | D:4      | Gained mutation: Your system is resistant to poisons.
                  | (rPois) [Green Draconian growth]
  4857 | D:4      | Found a broken altar of Ashenzari.
  4865 | D:4      | Became a worshipper of Ashenzari the Shackled
  4990 | D:4      | Identified the amulet "Texubui" {RegenMP rF++ rC+}
  5115 | D:5      | Entered Level 5 of the Dungeon
  5168 | D:5      | Reached skill level 6 in Shields
  5577 | D:5      | Reached skill level 7 in Shields
  5684 | D:5      | Found a runed translucent gate.
  5684 | D:5      | Found a runed translucent gate.
  5686 | D:5      | Found a runed translucent gate.
  5693 | D:5      | Noticed Caminho's ghost (amateur GnVM)
  5765 | D:5      | Reached XP level 8. HP: 70/70 MP: 8/8
  5968 | D:5      | Got the dagger of Xom's Delight {vorpal, *Contam rC+++
                  | rN+++ Str-2}
  5969 | D:5      | Identified the +4 dagger of Xom's Delight {vorpal, *Contam
                  | rC+++ rN+++ Str-2} (You found it on level 5 of the Dungeon)
  6518 | D:6      | Found a shimmering blue altar of Sif Muna.
  6710 | D:6      | Reached skill level 8 in Shields
  6994 | D:6      | Gained mutation: Your body sometimes deteriorates upon
                  | taking damage. [mutagenic glow]
  7150 | D:6      | Reached skill level 9 in Shields
  7750 | D:7      | Found a basalt altar of Yredelemnul.
  7969 | D:7      | Reached skill level 10 in Shields
  7983 | D:7      | Found a staircase to the Ecumenical Temple.
  8059 | D:7      | Reached XP level 9. HP: 26/78 MP: 9/9
  8076 | D:7      | Mangled by an orc warrior

Illustrated notes

Levels and vault maps discovered:
D:1:      nzn_arrival_water_spiral, layout_basic
D:2:      layout_loops_corners
D:3:      layout_loops_cross, lightli_sewer_entry_pipes
D:4:      layout_basic, marbit_many_paths, st_stairs_4, due_unseen_surprise
D:5:      layout_loops_ring, gammafunk_ghost_necromancy
D:6:      layout_loops_corners, led_sif_book
D:7:      layout_cave_pools, nicolae_overflow_hidden_temple,
          minmay_temple_entry_statues_fountains, basic_altar

Skill      XL: |  1  2  3  4  5  6  7  8 |
---------------+-------------------------+-----
Fighting       | 6 |  6.8
Crossbows      | 2 |  2.0
Dodging        | 1 2 3 4 |  4.0
Shields        | 1 2 3 5 7 10 | 10.1
Short Blades   | |  0.5
Maces & Flails | |  1.0
Stealth        | |  1.0
Air Magic      | |  0.2
Evocations     | |  1.0

Action                   |  1- 3 |  4- 6 |  7- 9 || total
-------------------------+-------+-------+-------++-------
Melee: Hand axe          |    78 |       |       ||    78
       Tailslap          |     7 |    38 |    42 ||    87
       Dagger            |     9 |   275 |   237 ||   521
 Fire: Hand crossbow     |    32 |    64 |    76 ||   172
Invok: Curse Item        |       |       |     1 ||     1
 Abil: Breathe Noxious F |       |       |     3 ||     3
  Use: Scroll            |     2 |     5 |     2 ||     9
 Stab: Sleeping          |     5 |     2 |     1 ||     8
       Confused          |       |       |     2 ||     2
Armor: Skin              |    25 |    65 |    70 ||   160
Dodge: Dodged            |    49 |   132 |   120 ||   301
Block: Kite shield       |    42 |   135 |   162 ||   339

Table legend: (Time is in decaauts)
 A = Elapsed time spent in this place.
 B = Non-inter-level travel time spent in this place.
 C = Inter-level travel time spent in this place.
 D = Time resting spent in this place.
 E = Time spent auto-exploring this place.
 F = Levels seen in this place.
 G = Mean time per level.
                   A        B        C        D        E       F      G
               +--------+--------+--------+--------+--------+-----+--------+
         Total |   8294 |   8096 |    198 |    720 |   5605 |   8 | 1036.8 |
       Dungeon |   7261 |   7063 |    198 |    720 |   4851 |   7 | 1037.3 |
         Sewer |   1032 |   1032 |      0 |      0 |    754 |   1 | 1032.0 |
               +--------+--------+--------+--------+--------+-----+--------+

Top non-repeatable levels by time:
     D:6: 1599 daAuts
     D:1: 1242 daAuts
     D:3: 1174 daAuts
     D:5: 1133 daAuts
   Sewer: 1032 daAuts
     D:2: 999 daAuts
     D:4: 833 daAuts
     D:7: 278 daAuts
